 Dungeon Crawl Stone Soup version 0.26.1-11-gd32895ea62 (webtiles) character file.

Game seed: 9716072563276780699

11925 Silvore the Carver (level 11, -17/87 HPs)
             Began as a Demonspawn Gladiator on June 30, 2021.
             Was a High Priest of Uskayaw.
             Demolished by an ettin
             ... wielding a +0 dire flail
              (22 damage)
             ... on level 1 of the Orcish Mines.
             The game lasted 00:20:35 (11690 turns).

Silvore the Carver (Demonspawn Gladiator)          Turns: 11690, Time: 00:20:35

Health: -17/87     AC: 21    Str: 20    XL:     11   Next: 55%
Magic:  11/11      EV: 12    Int: 11    God:    Uskayaw [*****.]
Gold:   602        SH:  0    Dex: 14    Spells: 10/10 levels left

rFire    + + .     SeeInvis .   N - +4 long sword (protect)
rCold    . . .     Faith    +   (no shield)
rNeg     . . .     Spirit   .   q - +0 fire dragon scales
rPois    .         Reflect  .   c - +0 helmet
rElec    .         Harm     .   I - +0 cloak
rCorr    .         Rampage  .   x - +1 pair of gloves {Str+3}
Will     .....                  (no boots)
Stlth    ++........             s - amulet of faith
HPRegen  0.24/turn              u - +4 ring of slaying
MPRegen  0.12/turn              j - +4 ring of protection

@: no status effects
A: claws 1, rugged brown scales 2, cold resistance 1, spiny 3
a: Renounce Religion, Stomp, Line Pass, Grand Finale


You were on level 1 of the Orcish Mines.
You worshipped Uskayaw.
Uskayaw was noncommittal.
You visited 3 branches of the dungeon, and saw 13 of its levels.
You also visited: Ossuary.

You collected 745 gold pieces.
You spent 143 gold pieces at shops.

Inventory:

Hand Weapons
 a - a +0 long sword
 t - a +1 falchion of venom
 N - a +4 long sword of protection (weapon)
Missiles
 d - 6 throwing nets (quivered)
Armour
 b - a +0 leather armour
 c - a +0 helmet (worn)
 h - a +0 ring mail
 q - +0 fire dragon scales (worn)
 x - a +1 pair of gloves of strength (worn)
 I - a +0 cloak (worn)
 Q - a +0 troll leather armour
Jewellery
 j - a +4 ring of protection (right hand)
 s - an amulet of faith (around neck)
 u - a +4 ring of slaying (left hand)
 z - an uncursed ring of magical power
 F - an uncursed ring of wizardry
Wands
 y - a wand of polymorph (17)
 H - a wand of iceblast (10)
 L - a wand of flame (35)
 M - a wand of acid (5)
Scrolls
 e - 8 scrolls of teleportation
 v - 2 scrolls of fog
 w - 3 scrolls of remove curse
 A - 5 scrolls of magic mapping
 C - a scroll of blinking
 E - 2 scrolls of identify
 J - 2 scrolls of brand weapon
 K - a scroll of fear
 O - a scroll of amnesia
 P - a scroll of enchant armour
Potions
 f - 2 potions of flight
 g - 3 potions of haste
 i - 8 potions of curing
 k - 2 potions of berserk rage
 l - 3 potions of heal wounds
 m - a potion of mutation {unknown}
 n - a potion of invisibility
 o - 2 potions of brilliance
 p - 2 potions of might
 r - 2 potions of degeneration
 B - 2 potions of lignification
 D - 2 potions of ambrosia {unknown}
 G - 2 potions of attraction


   Skills:
 + Level 6.8 Fighting
 + Level 11.8 Long Blades
 + Level 1.8 Throwing
 + Level 7.8 Armour
 + Level 5.5 Dodging
 + Level 6.1 Stealth


You had 10 spell levels left.
You didn't know any spells.
Your spell library contained the following spells:

 Spells                   Type           Power        Failure   Level
 Magic Dart               Conj           0%           71%         1
 Searing Ray              Conj           0%           85%         2
 Dazzling Flash           Conj/Hex       0%           97%         3
 Fulminant Prism          Conj/Hex       0%           100%        4
 Iskenderun's Mystic Bla  Conj/Tloc      0%           100%        4


Dungeon Overview and Level Annotations

Branches:
Dungeon (11/15)            Temple (1/1) D:6            Lair (0/6) D:11
    Orc (1/2) D:11        Ossuary (visited)

Altars:
Ashenzari
Cheibriados
Dithmenos
Elyvilon
Fedhas
Gozag
Hepliaklqana
Kikubaaqudgha
Makhleb
Nemelex Xobeh
Okawaru
Qazlal
Ru
Sif Muna
Trog
Uskayaw
Vehumet
Wu Jian
Xom
Yredelemnul
Zin
The Shining One
Beogh

Shops:
D:4 }?*!!   D:5 ([[(}   D:6 (   D:9 (

Annotations:
D:3 1 runed translucent door, Dillybarz's ghost, amateur GrFi
D:5 2 transporters, Ekaitz's ghost, amateur OgEE
D:10 2 transporters, PaiMei's ghost, novice TeCj
D:11 exclusion: oklob plant


Innate Abilities, Weirdness & Mutations

You have sharp fingernails.
You are mostly covered in rugged brown scales. (AC +2, +5% HP)
Your flesh is cold resistant. (rC+)
You are completely covered in sharp spines.


Message History

The orc is no longer sharing its pain.
The orc warrior is no longer sharing its pain.
The orc is no longer sharing its pain. x3
The ettin hits you with a +0 dire flail!!
* * * LOW HITPOINT WARNING * * *
The ettin hits you with a +0 dire flail!
* * * LOW HITPOINT WARNING * * *
The orc is struck by your spines.
You kill the orc!
The orc warrior hits you but does no damage.
An orc comes into view.
The orc sorcerer hits you but does no damage.
You can move again.
Uskayaw links your audience in an emotional bond!
Aiming: Grand Finale
Press: ? - help, Shift-Dir - straight line, f - ettin
Aim: an ettin, wielding two +0 dire flails (lightly wounded, sharing its pain)
You fail to use your ability.
The ettin is struck by your spines.
The ettin hits you with a +0 dire flail!!
You die...

... #.# ..$#
##.. ....##.o.
. ........## ..
#.o..... ...
##.o..## ....
##.....)# ....$
#.$...oo#o.....
#..#..o@Co.#
o.. ##..[)o.# #
##......#
..##...# ...#
.#... ....#
###... ##..#
..# #.. ##


You could see an ettin (pain bonded), an orc sorcerer (pain bonded), 3 orc
warriors, an orc priest (pain bonded) and 4 orcs.

Vanquished Creatures
  Harold (D:8)
  A two-headed ogre (D:10)
  A manticore (D:11)
  Joseph (D:7)
  Psyche (D:8)
  A kobold demonologist (D:10)
  2 trolls
  Prince Ribbit (D:6)
  2 wyverns
  6 yaks (D:10)
  Grum (D:8)
  Menkaure (D:4)
  A soldier ant (D:10)
  An acid dragon (D:11)
  2 water moccasins
  8 orc warriors
  3 sky beasts
  2 ice beasts
  4 wolves (D:8)
  2 ogres
  A centaur (D:9)
  17 big kobolds
  A wyvern zombie (D:7)
  4 bullfrogs
  15 scorpions
  3 killer bees (D:10)
  9 wights (D:10)
  3 howler monkeys
  6 centaur zombies
  A jelly (D:11)
  A bullfrog skeleton (D:7)
  A quasit (D:9)
  10 orc priests
  9 hounds
  12 orc wizards
  Jessica (D:9)
  2 human zombies (Ossuary)
  3 iguanas
  7 worker ants
  3 big kobold zombies (Ossuary)
  A hound zombie (D:5)
  A hound skeleton (D:10)
  3 mummies (Ossuary)
  A worker ant zombie (D:10)
  4 gnolls (D:6)
  8 adders
  A scorpion zombie (Ossuary)
  A shadow imp (D:5)
  3 white imps (D:5)
  3 ufetubi
  An ooze (D:1)
  2 adder skeletons
  6 worms
  A dart slug (D:3)
  5 leopard geckos
  62 orcs
  3 bats
  7 giant cockroaches
  3 gnoll zombies (Ossuary)
  3 goblins
  5 hobgoblins
  10 jackals
  3 quokkas
  3 ball pythons
  5 frilled lizards
  2 goblin zombies
  A hobgoblin zombie (Ossuary)
  A jackal zombie (D:6)
  20 kobolds
  A kobold zombie (Ossuary)
  2 orc zombies (Ossuary)
  A quokka skeleton (D:9)
  2 quokka zombies
  5 rats
331 creatures vanquished.

Vanquished Creatures (others)
  An orc wizard (D:5)
  A goblin zombie (Ossuary)
  A hobgoblin zombie (Ossuary)
3 creatures vanquished.

Grand Total: 334 creatures vanquished

Notes
Turn   | Place    | Note
-------+----------+-------------------------------------------
     0 | D:1      | Silvore the Demonspawn Gladiator began the quest for the
                  | Orb.
     0 | D:1      | Reached XP level 1. HP: 16/16 MP: 1/1
   249 | D:1      | Gained mutation: You are partially covered in sharp spines.
                  | [demonic ancestry]
   249 | D:1      | Reached XP level 2. HP: 21/22 MP: 2/2
   364 | D:1      | Reached skill level 3 in Long Blades
   887 | D:2      | Reached XP level 3. HP: 20/27 MP: 3/3
  1035 | D:2      | Found a stormy altar of Qazlal.
  1040 | D:2      | Found a broken altar of Ashenzari.
  1105 | D:2      | Found a faded altar of an unknown god.
  1646 | D:2      | Found a sacrificial altar of Ru.
  2265 | D:3      | Reached skill level 1 in Armour
  2299 | D:3      | Gained mutation: You have sharp fingernails. [demonic
                  | ancestry]
  2299 | D:3      | Reached XP level 4. HP: 24/33 MP: 4/4
  2609 | D:3      | Found a runed translucent door.
  2609 | D:3      | Noticed Dillybarz's ghost (amateur GrFi)
  3016 | D:3      | Reached skill level 4 in Long Blades
  3016 | D:3      | Gained mutation: You are mostly covered in sharp spines.
                  | [demonic ancestry]
  3016 | D:3      | Reached XP level 5. HP: 17/39 MP: 5/5
  3254 | D:4      | Found Cuum's Distillery.
  3259 | D:4      | Found Lesazef's Distillery.
  3265 | D:4      | Noticed an ogre
  3273 | D:4      | Killed an ogre
  3588 | D:4      | Noticed Menkaure
  3597 | D:4      | Killed Menkaure
  3598 | D:4      | Gained mutation: You are partially covered in rugged brown
                  | scales. (AC +1, +3% HP) [demonic ancestry]
  3598 | D:4      | Reached XP level 6. HP: 22/47 MP: 6/6
  3778 | D:4      | Found Ucesaiz's Magic Scroll Emporium.
  3787 | D:4      | Bought a scroll of identify for 28 gold pieces
  3797 | D:4      | Found Xured's Gadget Emporium.
  3905 | D:4      | Reached skill level 5 in Long Blades
  4071 | D:4      | Found a burning altar of Makhleb.
  4085 | D:4      | Found a hazy altar of Hepliaklqana.
  4199 | D:4      | Found Wionahae's Assorted Antiques.
  4472 | D:5      | Entered Level 5 of the Dungeon
  4472 | D:5      | Found Ydiafemu's Armour Emporium.
  4554 | D:5      | HP: 1/48 [orc wizard/puff of frost (4)]
  4562 | D:4      | Gained mutation: You are mostly covered in rugged brown
                  | scales. (AC +2, +5% HP) [demonic ancestry]
  4562 | D:4      | Reached XP level 7. HP: 22/54 MP: 7/7
  4977 | D:5      | Bought a +0 pair of gloves of strength for 115 gold pieces
  5014 | D:5      | Found Noax Tue's Antique Weapon Shop.
  5109 | D:5      | Found Bautis's Gadget Emporium.
  5172 | D:5      | Found Zachyt Tide's Antique Weapon Shop.
  5176 | D:5      | Reached skill level 6 in Long Blades
  5270 | D:5      | Found a transporter.
  5273 | D:5      | Noticed Ekaitz's ghost (amateur OgEE)
  5275 | D:5      | Identified the +9 dire flail of Fiucsin {antimagic, Will+}
  5282 | D:5      | Found a transporter.
  5309 | D:5      | Found Juid's Armour Shop.
  5375 | D:5      | Found an ancient bone altar of Kikubaaqudgha.
  5491 | D:6      | Found a sand-covered staircase.
  5543 | Ossuary  | Entered an ossuary
  5615 | Ossuary  | Gained mutation: Your flesh is cold resistant. (rC+)
                  | [demonic ancestry]
  5615 | Ossuary  | Reached XP level 8. HP: 60/63 MP: 8/8
  5710 | Ossuary  | Reached skill level 7 in Long Blades
  5817 | Ossuary  | Reached skill level 8 in Long Blades
  5978 | D:6      | Noticed Prince Ribbit
  5986 | D:6      | Killed Prince Ribbit
  6093 | D:6      | Found a staircase to the Ecumenical Temple.
  6100 | Temple   | Entered the Ecumenical Temple
  6210 | Temple   | Became a worshipper of Uskayaw the Reveller
  6230 | D:6      | Reached * piety under Uskayaw
  6231 | D:6      | Reached ** piety under Uskayaw
  6235 | D:6      | Reached *** piety under Uskayaw
  6237 | D:6      | Reached **** piety under Uskayaw
  6240 | D:6      | Reached XP level 9. HP: 67/69 MP: 9/9
  6242 | D:6      | Reached ***** piety under Uskayaw
  6251 | D:6      | Reached ****** piety under Uskayaw
  6362 | D:6      | Found Mievvi Ziuqe's Antique Weapon Shop.
  6427 | D:6      | Reached skill level 9 in Long Blades
  6494 | D:6      | Found a bloodstained altar of Trog.
  6791 | D:6      | Found a glowing silver altar of Zin.
  6791 | D:6      | Noticed an angel
  6850 | D:6      | Found a sparkling altar of Nemelex Xobeh.
  6899 | D:6      | Found an ornate altar of the Wu Jian Council.
  7313 | D:7      | Found an iron altar of Okawaru.
  7316 | D:7      | Reached skill level 1 in Stealth
  7371 | D:7      | Reached skill level 5 in Armour
  7500 | D:7      | Noticed Joseph
  7503 | D:7      | Noticed a troll
  7510 | D:7      | Killed a troll
  7521 | D:7      | Killed Joseph
  8058 | D:8      | Reached skill level 5 in Fighting
  8058 | D:8      | Noticed Harold
  8075 | D:8      | Killed Harold
  8076 | D:8      | Reached skill level 10 in Long Blades
  8076 | D:8      | Reached XP level 10. HP: 44/77 MP: 10/10
  8190 | D:8      | Noticed Grum
  8199 | D:8      | Killed Grum
  8812 | D:8      | Noticed Psyche
  8822 | D:8      | Killed Psyche
  9325 | D:9      | Found a shimmering altar of Xom.
  9849 | D:9      | Noticed Jessica
  9858 | D:9      | Killed Jessica
  9896 | D:9      | Found a shimmering blue altar of Sif Muna.
 10001 | D:9      | Found Rucomos's Antique Weapon Boutique.
 10118 | D:9      | Found a snail-covered altar of Cheibriados.
 10215 | D:10     | Entered Level 10 of the Dungeon
 10246 | D:10     | Found a roughly hewn altar of Beogh.
 10377 | D:10     | Reached skill level 5 in Dodging
 10382 | D:10     | Reached skill level 11 in Long Blades
 10387 | D:10     | Reached skill level 5 in Stealth
 10536 | D:10     | Gained mutation: You are completely covered in sharp
                  | spines. [demonic ancestry]
 10536 | D:10     | Reached XP level 11. HP: 53/85 MP: 11/11
 10676 | D:10     | Found a transporter.
 10677 | D:10     | Noticed PaiMei's ghost (novice TeCj)
 10778 | D:10     | Found a transporter.
 10796 | D:10     | Noticed a two-headed ogre
 10805 | D:10     | Killed a two-headed ogre
 11609 | D:11     | Found a staircase to the Orcish Mines.
 11652 | D:11     | Found a staircase to the Lair.
 11660 | D:11     | Noticed an oklob plant
 11674 | Orc:1    | Entered Level 1 of the Orcish Mines
 11674 | Orc:1    | Noticed an orc sorcerer
 11680 | Orc:1    | Noticed an ettin
 11683 | Orc:1    | Paralysed by an orc sorcerer for 6 turns
 11690 | Orc:1    | Demolished by an ettin

Illustrated notes

Levels and vault maps discovered:
D:1:      scummos_arrival_forest, layout_loops_ring, minmay_domino_4
D:2:      minmay_general_purpose_star, layout_basic, general_overflow_altar,
          minitemple, chequers_ecumenical_altar_simple_redux
D:3:      layout_rooms, hellmonk_ghost_happy_afterlife
D:4:      layout_loops_ring, nzn_hepliaklqana_mist_gate, bloody_makhleb,
          serial_shops, nicolae_shop_overgrown_old_shop,
          nicolae_shop_behind_doors, nicolae_shop_waterfront, shop, shop_statue,
          st_stairs_12, uniq_menkaure
D:5:      layout_rooms, kennysheep_mini, gammafunk_ghost_smash, serial_shops,
          nicolae_shop_temple_entry_statues_fountains, nicolae_shop_crystal,
          nicolae_shop_waterfront, shop_fountains, shop_statue
D:6:      layout_layer_cave, nemelex_xobeh_ov_fountains_minmay, zin_angel,
          kennysheep_mini_moat, minmay_temple_entry_arrows, basic_altar,
          enter_ossuary_3, serial_shops, nicolae_shop_stone, uniq_prince_ribbit1
D:7:      layout_rooms, lemuel_crystal_altar, uniq_joseph
D:8:      layout_basic, kennysheep_dice, uniq_psyche, uniq_grum, uniq_harold
D:9:      layout_roguey, slow_altar_2, nicolae_overflow_hidden_temple, tgw_sif,
          serial_shops, nicolae_shop_trees
D:10:     layout_roguey [special_room_orc], special_room [special_room_kobold],
          gammafunk_ghost_stat_death
D:11:     cheibrodos_helix_gallery, layout_irregular_city, dpeg_oklobed_lair,
          orc_david_3
Temple:   dpeg_three_leaves_temple
Orc:1:    layout_diamond_mine, serial_shops, shop

Skill      XL: |  1  2  3  4  5  6  7  8  9 10 11 |
---------------+----------------------------------+-----
Long Blades    | 3 4 5 6 8 10 11 | 11.8
Dodging        | 3 4 5 |  5.5
Armour         | 1 2 3 4 6 7 |  7.8
Fighting       | 3 4 5 6 |  6.8
Stealth        | 2 5 6 |  6.1
Throwing       | |  1.8

Action                   |  1- 3 |  4- 6 |  7- 9 | 10-12 || total
-------------------------+-------+-------+-------+-------++-------
Melee: Long sword        |    58 |       |       |    31 ||    89
       Falchion          |    35 |    87 |   291 |   247 ||   660
Invok: Line Pass         |       |       |       |     1 ||     1
  Use: Scroll            |     4 |     5 |    11 |     7 ||    27
       Potion            |       |     1 |       |       ||     1
 Stab: Paralysed         |       |       |     6 |    19 ||    25
Armor: Ring mail         |    22 |       |       |       ||    22
       Fire dragon scale |    20 |    39 |   131 |   127 ||   317
Dodge: Dodged            |    45 |    42 |   136 |   167 ||   390
       Rpst.: Long sword |     4 |       |       |     3 ||     7
       Falchion          |     4 |    12 |    52 |    41 ||   109
